 Dungeon Crawl Stone Soup version 0.16-a0-4112-g89a4107 (webtiles) character file.

149 Malachi the Ducker (level 5, -1/45 HPs)
             Began as a Ghoul Gladiator on Feb 27, 2015.
             Slain by a gnoll
             ... wielding a +0 spear
              (5 damage)
             ... on level 3 of the Dungeon.
             The game lasted 00:04:33 (2262 turns).

Malachi the Ducker (Ghoul Gladiator)                Turns: 2262, Time: 00:04:33

Health: -1/45      AC:  5    Str: 20    XL:     5   Next: 31%
Magic:  4/4        EV: 15    Int:  3    God:
Gold:   141        SH:  0    Dex:  9    Spells: 0 memorised, 4 levels left

rFire  + . .     SeeInvis .     a - +0 war axe
rCold  . . .     Clarity  .     b - +0 leather armour
rNeg   + + +     SustAb   .     (no shield)
rPois  ∞         Gourm    .     c - +0 helmet
rElec  .         Spirit   .     (no cloak)
rCorr  .         Warding  .     (no gloves)
rMut   .         Stasis   .     m - +0 pair of boots
MR     .....                    (no amulet)
Stlth  +.........               h - +3 ring of evasion
                                g - ring of fire

@: rotting, not resistant to hostile enchantments, very unstealthy
A: rotting body, claws 1, carnivore 3, cold resistance 1, negative energy
resistance 3, poison resistance, slow healing 1, torment resistance, unbreathing
a: no special abilities


You were on level 3 of the Dungeon.
You were not hungry.

You visited 1 branch of the dungeon, and saw 3 of its levels.

You collected 141 gold pieces.

Inventory:

Hand weapons
 a - a +0 war axe (weapon)
Missiles
 d - 3 throwing nets (quivered)
Armour
 b - a +0 leather armour (worn)
 c - a +0 helmet (worn)
 m - a +0 pair of boots (worn)
Jewellery
 g - a ring of fire (left claw)
 h - a +3 ring of evasion (right claw)
Scrolls
 e - 4 scrolls of remove curse {unknown}
 j - 3 scrolls of amnesia {unknown}
 k - 2 scrolls of immolation {unknown}
 n - 2 scrolls of fear {unknown}
 s - a scroll of recharging {unknown}
 t - a scroll of teleportation {unknown}
Potions
 l - a potion of might
 o - 3 potions of curing
 p - a potion of magic
 u - a potion of ambrosia
Comestibles
 f - a meat ration
 r - a royal jelly


   Skills:
 + Level 3.0 Fighting
 + Level 3.5 Axes
 + Level 1.9 Throwing
 + Level 2.0 Armour
 + Level 3.6 Dodging


You had 4 spell levels left.
You didn't know any spells.

Dungeon Overview and Level Annotations

Branches:
Dungeon (3/15)

Altars:

Annotations:
D:3 Spolavi's ghost, average DrTm


Innate Abilities, Weirdness & Mutations

Your body is rotting away.
You thrive on raw meat.
You have sharp fingernails.
You are carnivorous and can eat meat at any time.
Your flesh is cold resistant.
You are immune to negative energy.
Your system is resistant to poisons.
You heal slowly when monsters are visible.
You are immune to unholy pain and torment.
You can survive without breathing.


Message History

You closely miss the rat. The rat barely misses you.
You barely miss the rat. The rat bites you. The gnoll misses you.
You closely miss the rat. The rat bites you but does no damage.
The gnoll hits you from afar with a spear.
* * * LOW HITPOINT WARNING * * *
The rat bites you but does no damage.
The gnoll hits you from afar with a spear!
* * * LOW HITPOINT WARNING * * *
You are too injured to fight recklessly!
You are too injured to fight recklessly!
You are too injured to fight recklessly!
You are too injured to fight recklessly!
You closely miss the rat. The rat closely misses you.
The gnoll hits you from afar with a spear.
* * * LOW HITPOINT WARNING * * *
You slash the rat!
You kill the rat!
The gnoll closely misses you. The gnoll hits you with a spear.
You die...

... . .) ≈ #.####. ..###≈≈
.. #.....# # ..#..≈≈≈
#..#...#.##.#######.#..≈≈≈
........(...#...........P.
..........####.##..........
..#....g#...#[####.....###
.......gg#g#.#)# #......#
#.#.##.g#@#.#.# #.)....# ..
...#.#.#.###......# #
#####.#.#.#.#......#
#.....#<#.#......#
#.#.###.#........#
#.#.###.#.########
#.#.....#.####
#.###.)......# #.#
#........#


You could see a gnoll.

Vanquished Creatures
  An orc priest (D:3)
  An orc wizard (D:3)
  Jessica (D:2)
  2 adders (D:2)
  2 worms
  2 giant geckos
  An ooze (D:1)
  2 orcs (D:3)
  3 ball pythons
  3 giant cockroaches (D:2)
  4 hobgoblins
  3 kobolds
  2 quokkas (D:2)
  4 bats
  2 giant newts
  9 goblins
  6 rats
48 creatures vanquished.

Notes
Turn   | Place    | Note
--------------------------------------------------------------
     0 | D:1      | Malachi, the Ghoul Gladiator, began the quest for the Orb.
     0 | D:1      | Reached XP level 1. HP: 17/17 MP: 1/1
   127 | D:1      | Reached skill level 3 in Axes
   127 | D:1      | Reached XP level 2. HP: 16/24 MP: 2/2
   956 | D:2      | Reached XP level 3. HP: 24/30 MP: 3/3
  1069 | D:2      | Noticed Jessica
  1086 | D:2      | Killed Jessica
  1086 | D:2      | Reached skill level 1 in Armour
  1197 | D:2      | Reached XP level 4. HP: 32/37 MP: 3/3
  2015 | D:3      | Reached XP level 5. HP: 35/44 MP: 4/4
  2076 | D:3      | Noticed Spolavi's ghost (average DrTm)
  2093 | D:3      | HP: 2/45 [Spolavi's ghost (6)]
  2262 | D:3      | Slain by a gnoll

Action                   |  1- 3 |  4- 6 || total
-------------------------+-------+-------++-------
Melee: War axe           |   101 |   108 ||   209
  Use: Potion            |       |     6 ||     6
  Eat: Chunk             |     2 |    15 ||    17
